 Dungeon Crawl Stone Soup version 0.28.0 (webtiles) character file.

Game seed: 8776292782258570895

3305 SnakkuSnakku7 the Scholar of Death (level 10, -9/85 HPs)
             Began as a Barachi Necromancer on Feb 15, 2022.
             Was a Follower of Kikubaaqudgha.
             Mangled by a wight (13 damage)
             ... on level 8 of the Dungeon.
             The game lasted 00:12:15 (6242 turns).

SnakkuSnakku7 the Scholar of Death (BaNe)           Turns: 6242, Time: 00:12:16

Health: -9/85      AC:  5    Str: 11    XL:     10   Next: 1%
Magic:  16/16      EV: 14    Int: 25    God:    Kikubaaqudgha [*.....]
Gold:   249        SH:  5    Dex: 18    Spells: 13/17 levels left

rFire   . . .      SeeInvis .   A - +2 falchion (elec)
rCold   + . .      Faith    .   (no shield)
rNeg    . . .      Spirit   .   c - +1 robe {rC+}
rPois   .          Reflect  +   (no helmet)
rElec   .          Harm     .   f - +1 cloak {Stlth+}
rCorr   .          Rampage  .   (no gloves)
Will    .....                   (no boots)
Stlth   +++.......              l - amulet of reflection
HPRegen 0.24/turn               d - +6 ring of intelligence
MPRegen 0.15/turn               p - +6 ring of dexterity

@: on berserk cooldown, slowed, invisible, very slow
A: amphibious, slowness 1, strong legs 1, +LOS
a: Hop, Renounce Religion, Receive Corpses


You were on level 8 of the Dungeon.
You worshipped Kikubaaqudgha.
Kikubaaqudgha was aware of your devotion.
You visited 2 branches of the dungeon, and saw 9 of its levels.
You also visited: Ossuary.

You collected 249 gold pieces.

Inventory:

Hand Weapons
 t - a +2 dagger of draining
 A - a +2 falchion of electrocution (weapon)
Armour
 a - a +3 chain mail
 c - a +1 robe of cold resistance (worn)
 f - a +1 cloak of stealth (worn)
Jewellery
 d - a +6 ring of intelligence (left hand)
 l - an amulet of reflection (around neck)
 p - a +6 ring of dexterity (right hand)
Wands
 h - a wand of iceblast (1)
Scrolls
 g - 3 scrolls of magic mapping {unknown}
 k - 2 scrolls of teleportation
 n - a scroll of enchant weapon {unknown}
 s - a scroll of vulnerability {unknown}
 u - 2 scrolls of noise {unknown}
 w - 2 scrolls of fear {unknown}
 y - a scroll of fog {unknown}
Potions
 b - 4 potions of curing {unknown}
 e - a potion of magic
 j - 3 potions of berserk rage
 m - a potion of flight {unknown}
 o - a potion of mutation {unknown}
 r - 2 potions of brilliance
 v - 2 potions of heal wounds
 x - a potion of cancellation
 z - a potion of ambrosia


   Skills:
 - Level 10.0 Fighting
 + Level 3.7 Dodging
 - Level 1.7 Stealth
 - Level 4.0 Spellcasting
 - Level 10.0 Necromancy


You had 13 spell levels left.
You knew the following spells:

 Your Spells              Type           Power      Damage    Failure   Level
a - Pain                  Necr           100%       1d9       1%          1
b - Vampiric Draining     Necr           53%        2d9       1%          3

Your spell library contained the following spells:

 Spells                   Type           Power      Damage    Failure   Level
 Animate Skeleton         Necr           100%       N/A       1%          1
 Corpse Rot               Necr/Air       60%        N/A       1%          2
 Animate Dead             Necr           26%        N/A       1%          4
 Agony                    Necr           53%        N/A       4%          5
 Death Channel            Necr           26%        N/A       22%         6
 Portal Projectile        Hex/Tloc       10%        N/A       26%         3
 Manifold Assault         Tloc           5%         N/A       94%         5


Dungeon Overview and Level Annotations

Branches:
Dungeon (7/15)             Temple (1/1) D:5         Ossuary (visited)

Altars:
Ashenzari
Dithmenos
Elyvilon
Gozag
Kikubaaqudgha
Okawaru
Sif Muna
Trog
Uskayaw
Vehumet
The Shining One


Innate Abilities, Weirdness & Mutations

You are amphibious.
You cover ground slowly.
You can hop short distances.
You have an extended range of vision and can be seen from far away.


Message History

You slash Joseph!
Joseph is heavily wounded.
The orc shouts!
The orc wizard shouts!
The wight hits you with a +1 falchion!
You feel drained. The wight barely misses you. x2
The helpless Joseph fails to defend himself.
You slash Joseph!
Joseph is severely wounded.
The orc wizard shouts!
Joseph is no longer paralysed.
Joseph hits you with a +0 quarterstaff!
* * * LOW HITPOINT WARNING * * *
The wight hits you with a +1 falchion!
* * * LOW HITPOINT WARNING * * *
You feel drained.
* * * LOW HITPOINT WARNING * * *
You slash Joseph!
Joseph is almost dead.
The orc wizard shouts!
The wight misses you. The wight closely misses you.
Joseph hits you with a +0 quarterstaff!
* * * LOW HITPOINT WARNING * * *
Unknown command.
You slash Joseph! Lightning courses through Joseph!
You kill Joseph!
Kikubaaqudgha accepts your kill.
The orc wizard shouts!
The wight barely misses you.
Your life force feels restored.
Training target 10.0 for Fighting reached!
Your Fighting skill increases to level 10!
You need to enable at least one skill for training.
Your Dodging skill increases to level 3!
You have reached level 10!
You barely miss the wight.
You are no longer berserk.
You are exhausted.
You feel yourself slow down. The wight completely misses you.
The wight hits you with a +3 scimitar!
You die...
Kikubaaqudgha rasps: "You have failed me!
Welcome... death!"

# .# .# #.##
$z.
#.#####.###.###
#.<..z@z.......
#######zo....##
.Z.....#
o......#
.......#
......>#
.......#
.##....# .#
.....


You could see 4 wights, an orc priest, an orc and a killer bee zombie.

Vanquished Creatures
  Pikel (D:4)
  Joseph (D:8)
  A gargoyle (D:7)
  A wraith (Ossuary)
  Sigmund (D:2)
  A steam dragon (D:6)
  Duvessa (D:5)
  A water moccasin (D:4)
  2 sky beasts
  An orc warrior (D:7)
  2 ogres
  A phantom (D:4)
  A gnoll sergeant (D:5)
  2 bullfrogs
  A scorpion (D:5)
  Dowan (D:5)
  A water moccasin skeleton (D:5)
  A wight (D:8)
  A centaur zombie (D:7)
  A bullfrog skeleton (D:7)
  3 hounds
  An orc priest (D:6)
  Crazy Yiuf (D:3)
  A gnoll shaman (D:7)
  A centaur skeleton (D:6)
  Ijyb (D:3)
  4 iguanas
  An orc wizard (D:6)
  Terence (D:3)
  2 hound skeletons (D:4)
  A mummy (Ossuary)
  3 gnolls (D:5)
  4 adders
  A worm (D:2)
  5 dart slugs
  16 orcs
  10 ball pythons
  A bat (D:3)
  10 endoplasms
  A giant cockroach (D:3)
  9 goblins
  7 hobgoblins
  9 jackals
  4 quokkas
  A frilled lizard (D:1)
  4 gnoll skeletons (Ossuary)
  4 kobolds (D:3)
  6 kobold skeletons (Ossuary)
  15 orc skeletons (Ossuary)
  3 rats
153 creatures vanquished.

Notes
Turn   | Place    | Note
-------+----------+-------------------------------------------
     0 | D:1      | SnakkuSnakku7 the Barachi Necromancer began the quest for
                  | the Orb.
     0 | D:1      | Reached XP level 1. HP: 13/13 MP: 3/3
    93 | D:1      | Reached XP level 2. HP: 16/19 MP: 1/5
   537 | D:1      | Reached XP level 3. HP: 5/24 MP: 1/6
   541 | D:1      | Learned a level 3 spell: Vampiric Draining
  1422 | D:2      | Noticed Sigmund
  1488 | D:2      | Killed Sigmund
  1489 | D:2      | Reached skill level 5 in Necromancy
  1489 | D:2      | Reached XP level 4. HP: 14/30 MP: 3/10
  1489 | D:2      | Reached XP level 5. HP: 17/35 MP: 3/11
  2207 | D:3      | Noticed Terence
  2257 | D:3      | Killed Terence
  2258 | D:3      | Reached XP level 6. HP: 24/41 MP: 8/12
  2283 | D:3      | Found a faded altar of an unknown god.
  2327 | D:3      | Noticed Ijyb
  2339 | D:3      | Paralysed by Ijyb for 6 turns
  2346 | D:3      | Killed Ijyb
  2356 | D:3      | Got the Incunabulum of Quantum Darkness
  2544 | D:3      | Found a runed translucent door.
  2545 | D:3      | Noticed Crazy Yiuf
  2851 | D:3      | Killed Crazy Yiuf
  2990 | D:4      | Noticed a water moccasin
  3000 | D:4      | Killed a water moccasin
  3001 | D:4      | Reached XP level 7. HP: 35/46 MP: 3/13
  3024 | D:4      | Found a sand-covered staircase.
  3051 | D:4      | Reached skill level 1 in Fighting
  3126 | Ossuary  | Entered an ossuary
  3126 | Ossuary  | Noticed a wraith
  3126 | Ossuary  | Noticed a wraith
  3126 | Ossuary  | Noticed a wraith
  3318 | Ossuary  | Noticed a wraith
  3354 | Ossuary  | Killed a wraith
  3634 | D:4      | Reached skill level 5 in Fighting
  3912 | D:4      | Reached XP level 8. HP: 22/62 MP: 7/14
  4157 | D:4      | Noticed Pikel
  4178 | D:4      | Killed Pikel
  4343 | D:5      | Entered Level 5 of the Dungeon
  4406 | D:5      | Noticed Dowan
  4411 | D:5      | Noticed Duvessa
  4428 | D:5      | Killed Duvessa
  4434 | D:5      | Killed Dowan
  4620 | D:5      | Found a staircase to the Ecumenical Temple.
  4629 | Temple   | Entered the Ecumenical Temple
  4642 | Temple   | Became a worshipper of Kikubaaqudgha
  4696 | D:5      | Reached XP level 9. HP: 38/68 MP: 0/15
  5366 | D:6      | Reached skill level 10 in Necromancy
  6037 | D:7      | Reached * piety under Kikubaaqudgha
  6037 | D:7      | Received a gift from Kikubaaqudgha
  6054 | D:7      | Noticed a gargoyle
  6063 | D:7      | Killed a gargoyle
  6227 | D:7      | You fall into a shaft and drop 1 floor!
  6227 | D:8      | Noticed Joseph
  6240 | D:8      | HP: 5/106 [Joseph (8)]
  6241 | D:8      | Killed Joseph
  6242 | D:8      | Reached skill level 10 in Fighting
  6242 | D:8      | Reached XP level 10. HP: 6/85 MP: 16/16
  6242 | D:8      | Mangled by a wight

Illustrated notes

Levels and vault maps discovered:
D:1:      wander_arrival_estate, layout_basic
D:2:      layout_loops_corners, minivault_26, uniq_sigmund
D:3:      layout_basic, chequers_ecumenical_altar_simple_redux, uniq_terence,
          uniq_ijyb, uniq_crazy_yiuf_cottage
D:4:      layout_rooms, nicolae_ossuary_entry_monument, uniq_pikel
D:5:      layout_layer_cave, minmay_temple_entry_wispy, uniq_duvessa
D:6:      layout_basic
D:7:      kennysheep_spiral_hall, layout_rooms
D:8:      layout_basic, enter_bailey_2, jiyva_altar_1, uniq_joseph,
          uniq_gastronok, uniq_grum, uniq_harold, uniq_psyche
Temple:   nicolae_temple_the_god_donut

Skill      XL: |  1  2  3  4  5  6  7  8  9 |
---------------+----------------------------+-----
Necromancy     | 4 5 6 7 9 10 | 10.0
Spellcasting   | 4 |  4.0
Fighting       | 5 10 | 10.0
Dodging        | 3 |  3.7
Stealth        | |  1.7

Action                   |  1- 3 |  4- 6 |  7- 9 | 10-12 || total
-------------------------+-------+-------+-------+-------++-------
Melee: Unarmed           |    10 |       |    15 |       ||    25
       Dagger            |    16 |    35 |   320 |       ||   371
       Mace              |     3 |   111 |       |       ||   114
       Punch             |       |       |     6 |       ||     6
       Falchion          |       |       |    71 |     1 ||    72
 Cast: Pain              |    37 |     7 |       |       ||    44
       Vampiric Draining |       |    14 |    34 |       ||    48
 Abil: Hop               |     2 |       |     2 |       ||     4
Evoke: Wand              |       |       |    13 |       ||    13
  Use: Scroll            |       |       |     9 |       ||     9
       Potion            |       |       |     4 |       ||     4
 Stab: Sleeping          |     2 |       |     9 |       ||    11
       Paralysed         |       |       |     9 |       ||     9
       Distracted        |       |       |     1 |       ||     1
Armor: Robe              |     3 |    70 |   104 |       ||   177
       Skin              |       |       |    13 |       ||    13
Dodge: Dodged            |    21 |   142 |   270 |     1 ||   434
Block: Other             |       |       |    35 |       ||    35
